 Dungeon Crawl Stone Soup version 0.30-a0-1114-gd936c97349 (webtiles) character file.

Game seed: 15323348415630357062

56994 PsyCrow the Lord of Darkness (level 14, -7/100 (111) HPs)
             Began as a Demonspawn Earth Elementalist on Apr 21, 2023.
             Was the Champion of Kikubaaqudgha.
             Mangled by Donald
             ... wielding a +5 scimitar of draining
              (32 damage)
             ... on level 2 of the Orcish Mines.
             The game lasted 00:44:17 (23989 turns).

PsyCrow the Lord of Darkness (DsEE)                Turns: 23989, Time: 00:44:18

HP:   -7/100 (111)  AC: 16    Str:  9    XL:     14   Next: 44%
MP:   2/28          EV: 12    Int: 30    God:    Kikubaaqudgha [******]
Gold: 1149          SH:  0    Dex: 14    Spells: 5/41 levels left

rFire   . . .      SeeInvis .    r - staff of death {!a}
rCold   + + .      Faith    .    w - orb {light}
rNeg    + . .      Spirit   .    c - +3 steam dragon scales
rPois   .          Reflect  .    d - +0 hat "Zacwa" {Will+ Int+3}
rElec   .          Rampage  .    (no cloak)
rCorr   .          Clarity  +    P - +1 pair of gloves of the Constellations {rC++}
Will    ++...                    A - +2 pair of boots
Stlth   +                        (no amulet)
HPRegen 0.36/turn                I - +6 ring of intelligence
MPRegen 0.21/turn                Z - ring of wizardry

@: death channelling, glowing, drained
A: yellow scales 2, powered by death 1, robust 1, demonic magic 2, demonic touch
2, antennae 1, clarity, low MP 1
a: Renounce Religion, Unearth Wretches, Torment


You were on level 2 of the Orcish Mines.
You worshipped Kikubaaqudgha.
Kikubaaqudgha was exalted by your worship.
You visited 4 branches of the dungeon, and saw 20 of its levels.

You collected 1149 gold pieces.


Innate Abilities, Weirdness & Mutations

You are mostly covered in yellow scales. (AC +3)
You regenerate a little health from kills.
You are robust. (+10% HP)
Spells you cast may paralyse nearby enemies.
Your touch may inflict irresistible damage on your foes.
You have a pair of small antennae on your head.
You possess an exceptional clarity of mind.
Your magical capacity is low. (-10% MP)


   Skills:
 + Level 6.8 Fighting
 - Level 1.7 Dodging
 - Level 1.7 Stealth
 + Level 5.4 Shields
 - Level 14.0 Spellcasting
 - Level 2.0 Conjurations
 + Level 14.4 Necromancy
 - Level 0.8 Transmutations
 - Level 9.0 Ice Magic
 - Level 7.0 Earth Magic
 - Level 6.1 Evocations


You had 5 spell levels left.
You knew the following spells:

 Your Spells              Type           Power      Damage    Failure   Level
a - Stone Arrow           Conj/Erth      96%        3d13      1%          3
b - Sublimation of Blood  Necr           100%       N/A       0%          2
d - Death Channel         Necr           52%        N/A       1%          6
h - Haunt                 Necr/Summ      38%        N/A       38%         7
i - Infestation           Necr           52%        N/A       16%         8
S - Simulacrum            Ice/Necr       47%        N/A       1%          6
X - Anguish               Hex/Necr       38%        N/A       1%          4

Your spell library contained the following spells:

 Spells                   Type           Power      Damage    Failure   Level
 Necrotise                Necr           100%       1d9       0%          1
 Vampiric Draining        Necr           100%       2d13      0%          3
 Apportation              Tloc           42%        N/A       1%          1
 Kiss of Death            Conj/Necr      100%       2d13      1%          1
 Sandblast                Erth           100%       2d20      1%          1
 Cigotuvi's Dreadful Rot  Necr/Pois/Air  100%       N/A       1%          2
 Lesser Beckoning         Tloc           42%        N/A       1%          2
 Passwall                 Tmut/Erth      36%        N/A       1%          2
 Scorch                   Fire           42%        2d7       1%          2
 Static Discharge         Conj/Air       54%        2-5/arc   1%          2
 Animate Dead             Necr           100%       N/A       1%          4
 Dispel Undead            Necr           100%       3d31      1%          4
 Petrify                  Tmut/Erth      44%        N/A       1%          4
 Agony                    Necr           100%       N/A       1%          5
 Lee's Rapid Deconstruct  Erth           29%        3d15*     1%          5
 Confusing Touch          Hex            21%        N/A       2%          3
 Gell's Gravitas          Tloc           21%        N/A       2%          3
 Teleport Other           Tloc           21%        N/A       2%          3
 Volatile Blastmotes      Fire/Tloc      42%        2d13      2%          3
 Flame Wave               Conj/Fire      27%        2d9       6%          4
 Fulminant Prism          Conj/Hex       13%        3d8       6%          4
 Iskenderun's Mystic Bla  Conj/Tloc      27%        2d7       6%          4
 Airstrike                Air            10%        2d(2-18)  9%          4
 Cause Fear               Hex            10%        N/A       9%          4
 Summon Lightning Spire   Summ/Air       21%        N/A       9%          4
 Alistair's Intoxication  Tmut/Pois      15%        N/A       21%         5
 Borgnjor's Revivificati  Necr           52%        N/A       16%         8
 Summon Cactus Giant      Summ           10%        N/A       77%         6
 Death's Door             Necr           52%        N/A       91%         9
 Necromutation            Tmut/Necr      39%        N/A       92%         8
 Enfeeble                 Hex            10%        N/A       99%         7

Inventory:

Hand Weapons
 J - a +0 rapier of venom
   (You found it on level 6 of the Dungeon)
Armour
 c - +3 steam dragon scales (worn)
   (You took it off Maggie on level 6 of the Dungeon)
 d - the +0 hat "Zacwa" (worn) {Will+ Int+3}
   (You acquired it on level 2 of the Lair of Beasts)

   Int:       It affects your intelligence (+3).
   Will:      It increases your willpower.
 p - a +0 buckler
   (You took it off a gnoll sergeant on level 7 of the Dungeon)
 w - an orb of light (worn)
   (You found it on level 8 of the Dungeon)
 A - a +2 pair of boots (worn)
   (You found it on level 6 of the Dungeon)
 P - the +1 pair of gloves of the Constellations (worn) {rC++}
   (You found it on level 5 of the Lair of Beasts)

   rC:        It greatly protects you from cold.
Magical Staves
 r - a staff of death (weapon) {!a}
   (You found it on level 4 of the Lair of Beasts)
Jewellery
 f - a ring of protection from fire
   (You found it on level 4 of the Lair of Beasts)
 D - a +6 ring of dexterity
   (You found it on level 1 of the Dungeon)
 I - a +6 ring of intelligence (left hand)
   (You found it on level 5 of the Dungeon)
 L - a ring of flight
   (You found it on level 3 of the Dungeon)
 N - a ring of positive energy
   (You found it on level 1 of the Dungeon)
 R - a ring of resist corrosion
   (You found it on level 5 of the Dungeon)
 Z - a ring of wizardry (right hand)
   (You found it on level 5 of the Lair of Beasts)
Wands
 b - a wand of flame (14)
   (You found it on level 3 of the Dungeon)
 y - a wand of mindburst (15)
   (You found it on level 4 of the Lair of Beasts)
 H - a wand of acid (10)
   (You took it off Pikel on level 6 of the Dungeon)
 U - a wand of paralysis (11)
   (You found it on level 11 of the Dungeon)
Scrolls
 a - 4 scrolls of blinking {!r}
 e - 2 scrolls of fear
 h - a scroll of amnesia
 i - a scroll of poison {!r}
 j - a scroll of noise {!r}
 l - 12 scrolls of teleportation {@r4}
 n - 2 scrolls of fog
 q - 2 scrolls of vulnerability {!r!r}
 v - 2 scrolls of enchant weapon
 B - a scroll of magic mapping {!r}
 M - a scroll of enchant armour
 O - 3 scrolls of summoning
Potions
 g - 3 potions of brilliance
 k - 4 potions of haste {@q3}
 m - 4 potions of lignification {!q}
 o - a potion of mutation {!q}
 t - 2 potions of degeneration {!q}
 x - 4 potions of flight
 z - 3 potions of curing {unknown}
 C - a potion of invisibility {unknown}
 E - 8 potions of might {unknown}
 G - 2 potions of cancellation {unknown}
 K - a potion of resistance {unknown}
 Q - 3 potions of attraction {unknown}
 V - a potion of heal wounds {@q2}
 X - 2 potions of magic
Miscellaneous
 s - a phial of floods
   (You found it on level 4 of the Lair of Beasts)
 F - a lightning rod (4/4)
   (You found it on level 5 of the Lair of Beasts)
 W - a box of beasts
   (You found it on level 11 of the Dungeon)

Dungeon Overview and Level Annotations

Branches:
Dungeon (12/15)            Temple (1/1) D:7            Lair (5/5) D:11
  Swamp (0/4) Lair:2        Snake (0/4) Lair:2        Slime (0/5) Lair:4
    Orc (2/2) D:12
    Elf: Orc:2

Altars:
Ashenzari
Cheibriados
Dithmenos
Fedhas
Gozag
Hepliaklqana
Kikubaaqudgha
Makhleb
Nemelex Xobeh
Okawaru
Qazlal
Ru
Sif Muna
Trog
Uskayaw
Vehumet
Wu Jian
Xom
Yredelemnul
Jiyva
Lugonu

Shops:
D:4 (!   D:7 =   D:10 (

Portals:
Abyss: Lair:5

Annotations:
D:8 exclusion: oklob plant
Lair:4 3 runed translucent doors, exclusion: 3 oklob plants, Okey's ghost, journeyman DDFi
Orc:2 Donald

###.# #....
####...##
#.......
#......###
###........##
#...........#
......@@...#
....#..........
. ####.......
....... ....##.
....# .....
..#.##


You could see Donald (fast, strong, corroded, simulacrum, reflecting).


Message History

Done exploring.
Done exploring.
Unknown command.
Done exploring.
You swap places.
You swap places.
Your unholy channel expires.
Your spectral orc wizard fades into mist!
Your spectral orc warrior fades into mist!
Your spectral orc fades into mist!
There is a staircase back to the Dungeon here.
There is a stone staircase leading down here.
Things that are here:
a +0 war axe; a +0 chain mail You start resting.
You hear the faint crackling of a very distant melting archway.
You climb downwards.
Donald shouts!
There is a stone staircase leading up here.
Unknown command.
Unknown command.
Unknown command.
Unknown command.
Unknown command.
Casting: Simulacrum (dangerous; 1% risk of failure)
Confirm with . or Enter, or press ? or * to list all spells.
You feel a surge of power!
Malign forces permeate your being, awaiting release.
Malevolent energies surge around you.
Donald drinks a potion.
Donald seems to speed up.
You feel a surge of power!
You freeze Donald's soul. Malevolent energies surge around you.
Casting: Simulacrum (dangerous; 1% risk of failure)
Confirm with . or Enter, or press ? or * to list all spells.
Aiming: Stone Arrow (safe; 1% risk of failure)
Press: ? - help, Shift-Dir - straight line, f/p - Donald
Aim: Donald, wielding a +5 scimitar of draining, wearing a +0 chain mail and wearing a +0 kite shield of reflection (fast, simulacrum, reflecting blocked projectiles, haloed, 90% to hit)
Donald blocks the stone arrow with his +0 kite shield of reflection... and reflects it back!
The stone arrow misses you. Malevolent energies surge around you.
Casting: Stone Arrow (safe; 1% risk of failure)
Confirm with . or Enter, or press ? or * to list all spells.
Aiming: Stone Arrow (safe; 1% risk of failure)
Press: ? - help, Shift-Dir - straight line, f/p - Donald
Aim: Donald, wielding a +5 scimitar of draining, wearing a +0 chain mail and wearing a +0 kite shield of reflection (fast, simulacrum, reflecting blocked projectiles, haloed, 90% to hit)
Donald blocks the stone arrow with his +0 kite shield of reflection... and reflects it back!
The stone arrow misses you. Malevolent energies surge around you.
Donald says, "Orcs complain a lot, don't they?
I hate it."
Donald hits you with a +5 scimitar of draining!!
You partially resist.
You feel drained.
Casting: Stone Arrow (safe; 1% risk of failure)
Confirm with . or Enter, or press ? or * to list all spells.
Aiming: Stone Arrow (safe; 1% risk of failure)
Press: ? - help, Shift-Dir - straight line, f/p - Donald
Aim: Donald, wielding a +5 scimitar of draining, wearing a +0 chain mail and wearing a +0 kite shield of reflection (fast, simulacrum, reflecting blocked projectiles, haloed, 90% to hit)
Donald blocks the stone arrow with his +0 kite shield of reflection... and reflects it back!
The stone arrow misses you. Malevolent energies surge around you.
Donald mumbles some strange words.
Donald seems to grow stronger.
Donald hits you with a +5 scimitar of draining!
You partially resist.
You feel drained.
Casting: Stone Arrow (safe; 1% risk of failure)
Confirm with . or Enter, or press ? or * to list all spells.
Aiming: Stone Arrow (safe; 1% risk of failure)
Press: ? - help, Shift-Dir - straight line, f/p - Donald
Aim: Donald, wielding a +5 scimitar of draining, wearing a +0 chain mail and wearing a +0 kite shield of reflection (fast, strong, simulacrum, reflecting blocked projectiles, haloed, 90% to hit)
The stone arrow hits Donald!
Malevolent energies surge around you.
Donald hits you with a +5 scimitar of draining!!!
* * * LOW HITPOINT WARNING * * *
You partially resist.
You feel drained.
* * * LOW HITPOINT WARNING * * *
Casting: Stone Arrow (safe; 1% risk of failure)
Confirm with . or Enter, or press ? or * to list all spells.
Aiming: Stone Arrow (safe; 1% risk of failure)
Press: ? - help, Shift-Dir - straight line, f/p - Donald
Aim: Donald, wielding a +5 scimitar of draining, wearing a +0 chain mail and wearing a +0 kite shield of reflection (lightly wounded, fast, strong, simulacrum, reflecting blocked projectiles, haloed, 90% to hit)
The stone arrow hits Donald!!
Malevolent energies surge around you.
Donald hits you with a +5 scimitar of draining!
* * * LOW HITPOINT WARNING * * *
You partially resist.
You feel drained.
* * * LOW HITPOINT WARNING * * *
Donald hits you with a +5 scimitar of draining.
* * * LOW HITPOINT WARNING * * *
You partially resist.
You feel drained.
Aiming: Paralyse
Press: ? - help, Q - select action, (/) - cycle Shift-Dir - straight line, f/p - Donald
Aim: Donald, wielding a +5 scimitar of draining, wearing a +0 chain mail and wearing a +0 kite shield of reflection (moderately wounded, fast, strong, simulacrum, reflecting blocked projectiles, haloed, chance to affect: 6%)
Okay, then.
Aiming: Corrosive Bolt
Press: ? - help, Q - select action, (/) - cycle Shift-Dir - straight line, f/p - Donald
Aim: Donald, wielding a +5 scimitar of draining, wearing a +0 chain mail and wearing a +0 kite shield of reflection (moderately wounded, fast, strong, simulacrum, reflecting blocked projectiles, haloed, 89% to hit)
The bolt of acid hits Donald!!
The acid corrodes Donald!
Donald hits you with a +5 scimitar of draining!!
You die...
Kikubaaqudgha rasps: "You have failed me!
Welcome... death!"

Skill      XL: |  1  2  3  4  5  6  7  8  9 10 11 12 13 14 |
---------------+-------------------------------------------+-----
Conjurations   | 1 2 |  2.0
Earth Magic    | 3 4 5 7 |  7.0
Fighting       | 1 2 3 5 6 |  6.8
Necromancy     | 1 3 4 5 7 10 13 14 | 14.4
Spellcasting   | 3 8 10 12 13 14 | 14.0
Ice Magic      | 2 5 7 8 9 |  9.0
Evocations     | 3 5 6 |  6.1
Shields        | 3 5 |  5.4
Dodging        | |  1.7
Stealth        | |  1.7
Transmutations | |  0.8

Action                     |  1- 3 |  4- 6 |  7- 9 | 10-12 | 13-15 || total
---------------------------+-------+-------+-------+-------+-------++-------
  Melee: Unarmed           |    15 |    25 |       |       |       ||    40
         Dagger            |       |     6 |       |       |       ||     6
         Whip              |       |     1 |     4 |    12 |       ||    17
         Touch             |       |       |     2 |       |       ||     2
         Rapier            |       |       |       |    14 |    67 ||    81
         Staff             |       |       |       |       |     8 ||     8
   Cast: Sandblast         |    58 |   110 |   144 |   206 |       ||   518
         Stone Arrow       |       |     3 |    54 |   219 |    75 ||   351
         Simulacrum        |       |       |       |    14 |    61 ||    75
         Sublimation of Bl |       |       |       |     7 |    25 ||    32
         Death Channel     |       |       |       |       |    10 ||    10
         Anguish           |       |       |       |       |     5 ||     5
 Invoke: Receive Forbidden |       |       |       |       |     1 ||     1
  Evoke: Wand              |       |       |     9 |    14 |     9 ||    32
         Box of beasts     |       |       |       |     1 |     1 ||     2
    Use: Potion            |       |     1 |       |     6 |     2 ||     9
         Scroll            |       |       |     1 |    21 |     5 ||    27
   Stab: Paralysed         |     3 |       |       |     6 |    17 ||    26
 Armour: Robe              |     4 |    14 |       |       |       ||    18
         Leather armour    |       |    16 |    12 |       |       ||    28
         Steam dragon scal |       |       |    19 |    61 |   102 ||   182
  Dodge: Dodged            |    20 |    45 |    51 |   101 |   110 ||   327
  Block: Buckler           |       |       |     3 |    13 |       ||    16

Levels and vault maps discovered:
D:1:      eino_arrival_water_cross, layout_basic,
          hellmonk_ecumenical_altar_lost_god
D:2:      layout_basic, st_stairs_8, lexackson_kobold_supper
D:3:      layout_loops_cross, tso_altar, nicolae_elyvilon_temple_path,
          nemelex_spade_bored_becter
D:4:      layout_basic, serial_demonic, serial_demonic_e, serial_demonic_e,
          serial_demonic_e, serial_demonic_f, serial_demonic_a,
          serial_demonic_g, serial_shops, shop, shop, minivault_24,
          minmay_misc_feat_plants, minmay_goblin_kobold_house, uniq_sigmund
D:5:      layout_loops_ring, mainiacjoe_overflow_brackets, xom_redecorated,
          cheibrodos_sewer_entry_bend
D:6:      layout_loops_ring, uniq_maggie, uniq_pikel, uniq_edmund
D:7:      layout_cave_pools, minmay_temple_entry_slanted, serial_shops,
          kennysheep_little_box, uniq_menkaure
D:8:      lemuel_slime, layout_loops_ring, gammafunk_temple_overflow_elements,
          serial_bayou_pond_a, david_defended_altar_orc
D:9:      layout_layer_cave, serial_glass, glass_columns_a, glass_columns_a,
          hangedman_decor_slide_cut, uniq_erolcha, uniq_psyche
D:10:     layout_loops_ring, serial_shops, shop_statue
D:11:     layout_basic, lair_entry_dummy, uniq_gastronok, uniq_erica
D:12:     layout_irregular_city, hiddenorc2_lemuel
Temple:   nicolae_temple_bog_church
Lair:1:   layout_roguey, grunt_megastairs_2, serial_bayou_shore_b, uniq_joseph
Lair:2:   layout_layer_cave, swamp_mist, nicolae_snake_entry_warm_welcome
Lair:3:   layout_cave_pods, infiniplex_staircase_pool_2, uniq_rupert
Lair:4:   statuecave_lemuel, layout_hall_layers, minmay_slime_entry_oklob_open,
          gammafunk_ghost_icy, minmay_lair_drake_nest
Lair:5:   hellmonk_lair_end_abyssal_woods, layout_cave_pods,
          chequers_serial_rivers_room_b, chequers_serial_rivers_micro_b,
          lemuel_fruit_tree, serial_bayou_shore_b
Orc:1:    layout_caves, portal_ice_cave_entry_pillars_2
Orc:2:    st_orc_town, layout_diamond_mine, basic_altar, uniq_donald,
          uniq_nessos

Notes
Turn   | Place    | Note
-------+----------+-------------------------------------------
     0 | D:1      | PsyCrow the Demonspawn Earth Elementalist began the quest
                  | for the Orb.
     0 | D:1      | Reached XP level 1. HP: 13/13 MP: 3/3
    69 | D:1      | You pick up a book of Necromancy and begin reading...
    69 | D:1      | You add the spells Necrotise, Vampiric Draining and Agony
                  | to your library.
   252 | D:1      | Found a faded altar of an unknown god.
   258 | D:1      | Reached skill level 1 in Conjurations
   286 | D:1      | Reached skill level 3 in Earth Magic
   290 | D:1      | Gained mutation: Spells you cast may paralyse adjacent
                  | enemies. [demonic ancestry]
   290 | D:1      | Reached XP level 2. HP: 19/19 MP: 1/5
  1026 | D:2      | Identified the +1 scale mail of Activism {Rampage rC- Will+
                  | Slay+2}
  1101 | D:2      | You pick up a book of Touch and begin reading...
  1101 | D:2      | You add the spells Kiss of Death, Confusing Touch and
                  | Dispel Undead to your library.
  1117 | D:2      | Reached XP level 3. HP: 24/24 MP: 3/6
  1257 | D:2      | Reached skill level 2 in Conjurations
  1452 | D:2      | You pick up a book of Party Tricks and begin reading...
  1452 | D:2      | You add the spells Apportation and Alistair's Intoxication
                  | to your library.
  2142 | D:2      | Learned a level 3 spell: Stone Arrow
  2296 | D:3      | Reached skill level 4 in Earth Magic
  2296 | D:3      | Gained mutation: You are partially covered in yellow
                  | scales. (AC +2) [demonic ancestry]
  2296 | D:3      | Reached XP level 4. HP: 25/30 MP: 1/7
  2612 | D:3      | Found a sparkling altar of Nemelex Xobeh.
  2636 | D:3      | Gained mutation: Spells you cast may paralyse nearby
                  | enemies. [demonic ancestry]
  2636 | D:3      | Reached XP level 5. HP: 30/35 MP: 4/8
  2639 | D:3      | Reached skill level 5 in Earth Magic
  2760 | D:3      | Gained mutation: Your touch may inflict minor irresistible
                  | damage on your foes. [demonic ancestry]
  2760 | D:3      | Reached XP level 6. HP: 20/41 MP: 5/9
  3194 | D:3      | Reached skill level 6 in Earth Magic
  3724 | D:4      | Identified the +3 leather armour of a sewer {Will+ Str+3}
  3848 | D:4      | Found Picwueg's Distillery.
  4554 | D:4      | Found Onetwek's Antique Weapon Shoppe.
  4617 | D:4      | Noticed Sigmund
  4624 | D:4      | Killed Sigmund
  4625 | D:4      | Reached skill level 7 in Earth Magic
  4625 | D:4      | Reached skill level 1 in Fighting
  4625 | D:4      | Reached skill level 1 in Necromancy
  4625 | D:4      | Reached XP level 7. HP: 47/48 MP: 0/10
  5143 | D:5      | Entered Level 5 of the Dungeon
  5200 | D:5      | Reached skill level 2 in Necromancy
  5249 | D:5      | Reached skill level 2 in Fighting
  5249 | D:5      | Reached skill level 3 in Spellcasting
  5279 | D:5      | Found a burning altar of Makhleb.
  5448 | D:5      | Reached skill level 3 in Necromancy
  5561 | D:5      | Found a shimmering altar of Xom.
  5561 | D:5      | Found a shimmering altar of Xom.
  5571 | D:5      | Found a shimmering altar of Xom.
  5574 | D:5      | Found a shimmering altar of Xom.
  5614 | D:5      | Reached XP level 8. HP: 46/56 MP: 1/13
  6148 | D:6      | Reached skill level 4 in Spellcasting
  6148 | D:6      | Reached skill level 4 in Necromancy
  6212 | D:6      | Noticed Edmund
  6218 | D:6      | Killed Edmund
  6322 | D:6      | Noticed Maggie
  6592 | D:6      | Reached skill level 5 in Spellcasting
  6705 | D:6      | Reached skill level 6 in Spellcasting
  6957 | D:6      | Killed Maggie
  6958 | D:6      | Reached skill level 7 in Spellcasting
  7214 | D:6      | Noticed Pikel
  7229 | D:6      | Killed Pikel
  7230 | D:6      | Reached skill level 8 in Spellcasting
  7230 | D:6      | Reached XP level 9. HP: 61/61 MP: 2/21
  7600 | D:7      | Found a staircase to the Ecumenical Temple.
  7614 | Temple   | Entered the Ecumenical Temple
  7751 | Temple   | Became a worshipper of Kikubaaqudgha
  7996 | D:7      | Reached skill level 9 in Spellcasting
  8271 | D:7      | Noticed Menkaure
  8274 | D:7      | Killed Menkaure
  8367 | D:7      | Reached skill level 10 in Spellcasting
  8553 | D:7      | Found Nizogo's Jewellery Shop.
  8917 | D:8      | Reached * piety under Kikubaaqudgha
  8917 | D:8      | You add the spells Cigotuvi's Dreadful Rot, Sublimation of
                  | Blood and Animate Dead to your library.
  8917 | D:8      | Received a gift from Kikubaaqudgha
  9126 | D:8      | You pick up a book of Storms and begin reading...
  9126 | D:8      | You add the spells Static Discharge, Airstrike and Summon
                  | Lightning Spire to your library.
  9130 | D:8      | Learned a level 2 spell: Sublimation of Blood
  9266 | D:8      | You pick up a book of Scorching and begin reading...
  9266 | D:8      | You add the spells Scorch, Flame Wave and Summon Cactus
                  | Giant to your library.
  9313 | D:8      | Found a burning altar of Makhleb.
  9318 | D:8      | Gained mutation: You are mostly covered in yellow scales.
                  | (AC +3) [demonic ancestry]
  9318 | D:8      | Reached XP level 10. HP: 56/67 MP: 20/24
  9524 | D:8      | Reached skill level 11 in Spellcasting
  9689 | D:8      | Found a bloodstained altar of Trog.
  9689 | D:8      | Found a shadowy altar of Dithmenos.
  9923 | D:8      | Noticed an oklob plant
  9928 | D:8      | Reached ** piety under Kikubaaqudgha
 10268 | D:9      | Noticed Psyche
 10275 | D:9      | Killed Psyche
 10368 | D:9      | You pick up a book of Blasting and begin reading...
 10368 | D:9      | You add the spells Volatile Blastmotes, Fulminant Prism,
                  | Iskenderun's Mystic Blast and Lee's Rapid Deconstruction to
                  | your library.
 10391 | D:9      | Reached skill level 12 in Spellcasting
 10654 | D:9      | Identified the +8 chain mail of the Miller {rCorr Str+3
                  | SInv}
 10882 | D:9      | Noticed Erolcha
 10887 | D:9      | Killed Erolcha
 10888 | D:9      | Reached skill level 1 in Ice Magic
 10888 | D:9      | Reached skill level 1 in Evocations
 10990 | D:9      | Reached skill level 3 in Fighting
 10990 | D:9      | Reached skill level 2 in Evocations
 11057 | D:9      | Gained mutation: Your movements are slightly less
                  | encumbered by armour. (ER -2) [potion of mutation]
 11057 | D:9      | Gained mutation: Your body sometimes deteriorates upon
                  | taking damage. [potion of mutation]
 11287 | D:9      | Reached skill level 5 in Necromancy
 11287 | D:9      | Reached skill level 2 in Ice Magic
 11839 | D:10     | Entered Level 10 of the Dungeon
 11847 | D:10     | Noticed a two-headed ogre
 11852 | D:10     | Killed a two-headed ogre
 11916 | D:10     | Noticed a gargoyle
 11921 | D:10     | Killed a gargoyle
 12014 | D:10     | Identified the +2 morningstar "Goblinbane" {flame, rCorr
                  | Str+3}
 12023 | D:10     | Reached skill level 3 in Evocations
 12023 | D:10     | Gained mutation: You regenerate a little health from kills.
                  | [demonic ancestry]
 12023 | D:10     | Reached XP level 11. HP: 73/75 MP: 20/27
 12369 | D:10     | Noticed a two-headed ogre
 12373 | D:10     | Killed a two-headed ogre
 12374 | D:10     | Reached skill level 3 in Ice Magic
 12712 | D:10     | Found Ehediax's Antique Weapon Shoppe.
 12844 | D:11     | Reached *** piety under Kikubaaqudgha
 12844 | D:11     | You add the spells Anguish, Death Channel and Simulacrum to
                  | your library.
 12844 | D:11     | Received a gift from Kikubaaqudgha
 12924 | D:11     | Learned a level 6 spell: Death Channel
 12931 | D:11     | Learned a level 6 spell: Simulacrum
 12936 | D:11     | Learned a level 4 spell: Anguish
 12995 | D:11     | Noticed Gastronok
 13006 | D:11     | Killed Gastronok
 13007 | D:11     | Reached skill level 6 in Necromancy
 13007 | D:11     | Reached skill level 4 in Evocations
 13215 | D:11     | Noticed a boulder beetle
 13227 | D:11     | Killed a boulder beetle
 13228 | D:11     | Reached skill level 4 in Ice Magic
 13622 | D:11     | Noticed Erica
 13634 | D:11     | HP: 16/75 [Erica/lance of force (17)]
 13634 | D:11     | HP: 2/75 [rock wall collision (14)]
 13639 | D:11     | Killed Erica
 13639 | D:11     | HP: 14/75 [poisoned by Erica (bolt of poison)]
 13644 | D:11     | HP: 9/75 [poisoned by Erica (bolt of poison)]
 14011 | D:11     | Found a staircase to the Lair.
 14210 | D:12     | Reached skill level 7 in Necromancy
 14220 | D:12     | Reached skill level 5 in Evocations
 14610 | D:12     | Reached skill level 13 in Spellcasting
 14610 | D:12     | Reached skill level 5 in Ice Magic
 14766 | D:12     | Reached **** piety under Kikubaaqudgha
 15115 | D:12     | Noticed a cyan ugly thing
 15119 | D:12     | Killed a cyan ugly thing
 15120 | D:12     | Reached XP level 12. HP: 81/81 MP: 19/29
 15168 | D:12     | You pick up a book of Hexes and begin reading...
 15168 | D:12     | You add the spells Cause Fear and Enfeeble to your library.
 15358 | D:12     | Found a staircase to the Orcish Mines.
 15605 | D:12     | Reached skill level 6 in Evocations
 15615 | D:12     | Reached skill level 8 in Necromancy
 15948 | Lair:1   | Entered Level 1 of the Lair of Beasts
 15982 | Lair:1   | Noticed Joseph
 15992 | Lair:1   | Killed Joseph
 16451 | Lair:1   | Reached skill level 6 in Ice Magic
 17253 | Lair:2   | Lost mutation: Your body sometimes deteriorates upon taking
                  | damage. [potion of mutation]
 17253 | Lair:2   | Lost mutation: Your movements are slightly less encumbered
                  | by armour. (ER -2) [potion of mutation]
 17253 | Lair:2   | Gained mutation: You are clumsy. (Dex -2) [potion of
                  | mutation]
 17253 | Lair:2   | Gained mutation: Your magical capacity is low. (-10% MP)
                  | [potion of mutation]
 17253 | Lair:2   | Gained mutation: You have large cloven feet. [potion of
                  | mutation]
 17254 | Lair:2   | Lost mutation: You have large cloven feet. [potion of
                  | mutation]
 17254 | Lair:2   | Lost mutation: You are clumsy. (Dex -2) [potion of
                  | mutation]
 17254 | Lair:2   | Gained mutation: You possess an exceptional clarity of
                  | mind. [potion of mutation]
 17254 | Lair:2   | Gained mutation: You have a pair of small antennae on your
                  | head. [potion of mutation]
 17262 | Lair:2   | Identified a scroll of acquirement
 17264 | Lair:2   | Acquired the +0 hat "Zacwa" {Will+ Int+3}
 17926 | Lair:2   | Found a staircase to the Snake Pit.
 18285 | Lair:2   | Reached skill level 9 in Necromancy
 18346 | Lair:2   | Noticed a death yak
 18347 | Lair:2   | Noticed a death yak
 18347 | Lair:2   | Noticed a death yak
 18354 | Lair:2   | Killed a death yak
 18361 | Lair:2   | Killed a death yak
 18361 | Lair:2   | HP: 13/81 [death yak (16)]
 18639 | Lair:2   | Found a staircase to the Swamp.
 18665 | Lair:2   | You pick up a book of Displacement and begin reading...
 18665 | Lair:2   | You add the spells Lesser Beckoning, Gell's Gravitas and
                  | Teleport Other to your library.
 19163 | Lair:3   | Noticed a six-headed hydra
 19165 | Lair:3   | Noticed Rupert
 19316 | Lair:3   | Reached skill level 7 in Ice Magic
 19472 | Lair:3   | Reached ***** piety under Kikubaaqudgha
 19479 | Lair:3   | Killed a six-headed hydra
 19484 | Lair:3   | Killed Rupert
 19485 | Lair:3   | Reached skill level 14 in Spellcasting
 19485 | Lair:3   | Reached skill level 10 in Necromancy
 19534 | Lair:3   | You fall into a shaft and drop 1 floor!
 19690 | Lair:4   | Noticed Okey's ghost (journeyman DDFi)
 19690 | Lair:4   | Noticed an ice dragon
 19778 | Lair:4   | Gained mutation: Your touch may inflict irresistible damage
                  | on your foes. [demonic ancestry]
 19778 | Lair:4   | Reached XP level 13. HP: 45/86 MP: 12/27
 19820 | Lair:4   | Found a staircase to the Slime Pits.
 19820 | Lair:4   | Found a viscous altar of Jiyva.
 19853 | Lair:4   | Reached skill level 8 in Ice Magic
 19853 | Lair:4   | Found a runed translucent gate.
 19853 | Lair:4   | Found a runed translucent gate.
 19853 | Lair:4   | Found a runed translucent gate.
 19902 | Lair:4   | HP: 7/86 [catoblepas (17)]
 20099 | Lair:4   | Reached skill level 11 in Necromancy
 20849 | Lair:3   | Reached skill level 12 in Necromancy
 21744 | Lair:5   | Entered Level 5 of the Lair of Beasts
 21764 | Lair:5   | HP: 14/86 [elephant (12)]
 21766 | Lair:5   | HP: 6/86 [water moccasin (6)]
 21785 | Lair:5   | Reached skill level 13 in Necromancy
 21791 | Lair:5   | HP: 15/86 [something (6)]
 21859 | Lair:5   | Reached skill level 1 in Shields
 21866 | Lair:5   | Reached skill level 4 in Fighting
 21866 | Lair:5   | Reached skill level 2 in Shields
 22035 | Lair:5   | Reached skill level 3 in Shields
 22099 | Lair:5   | Reached skill level 5 in Fighting
 22126 | Lair:5   | Gained mutation: You are robust. (+10% HP) [demonic
                  | ancestry]
 22126 | Lair:5   | Reached XP level 14. HP: 36/107 MP: 4/28
 22141 | Lair:5   | Identified the +1 pair of gloves of the Constellations
                  | {rC++}
 22182 | Lair:5   | Reached ****** piety under Kikubaaqudgha
 22436 | Lair:5   | You add the spells Haunt, Borgnjor's Revivification,
                  | Infestation, Necromutation and Death's Door to your
                  | library.
 22436 | Lair:5   | Received a gift from Kikubaaqudgha
 22446 | Lair:5   | Learned a level 8 spell: Infestation
 22454 | Lair:5   | Learned a level 7 spell: Haunt
 22464 | Lair:5   | Reached skill level 9 in Ice Magic
 22478 | Lair:5   | Reached skill level 4 in Shields
 22800 | Lair:5   | Reached skill level 14 in Necromancy
 22925 | Lair:5   | Reached skill level 6 in Fighting
 22932 | Lair:5   | Found a corrupted altar of Lugonu.
 22932 | Lair:5   | Found a one-way gate to the infinite horrors of the Abyss.
 23175 | Lair:5   | Reached skill level 5 in Shields
 23881 | Orc:1    | Entered Level 1 of the Orcish Mines
 23981 | Orc:2    | Entered Level 2 of the Orcish Mines
 23981 | Orc:2    | Noticed Donald
 23988 | Orc:2    | HP: 24/101 [Donald/+5 scimitar of draining (4)]
 23989 | Orc:2    | Mangled by Donald

Vanquished Creatures
  Gastronok (D:11)
  An entropy weaver (shapeshifter) (Lair:5)
  Erolcha (D:9)
  A catoblepas (Lair:4)
  2 hydras
  Erica (D:11)
  4 death yaks
  A boulder beetle (D:11)
  2 two-headed ogres (D:10)
  A thrashing horror (Lair:5)
  Pikel (D:6)
  A salamander (Lair:2)
  A manticore (D:12)
  2 elephants (Lair:5)
  An ugly thing (D:12)
  Joseph (Lair:1)
  3 black mambas
  2 gargoyles
  Maggie (D:6)
  5 cane toads
  A smoke demon (Lair:5)
  An unseen horror (shapeshifter) (Lair:5)
  2 rime drakes
  A yaktaur (D:12)
  7 komodo dragons
  Psyche (D:9)
  2 unseen horrors
  3 trolls
  3 blink frogs (Lair:5)
  A hornet (D:9)
  4 slime creatures (D:12)
  Sigmund (D:4)
  A vampire (D:9)
  2 shadows (D:10)
  2 wraiths
  12 yaks
  3 wyverns
  A chaos spawn (Lair:5)
  2 basilisks
  2 vampire mosquitoes (D:12)
  Edmund (D:6)
  Menkaure (D:7)
  2 acid dragons (D:12)
  11 water moccasins
  2 ice beasts
  8 orc warriors
  3 black bears
  2 ogres
  8 wolves
  8 centaurs
  A lemure (D:6)
  4 kobold brigands
  A phantom (D:6)
  4 bullfrogs
  2 gnoll sergeants
  2 scorpions
  9 wights
  5 killer bees (D:9)
  2 howler monkeys (D:7)
  4 lava snakes (Lair:2)
  A quasit (D:4)
  7 jellies (D:8)
  A sleepcap (D:6)
  12 orc priests
  4 hounds
  15 orc wizards
  3 adders
  13 gnolls
  A shadow imp (D:4)
  4 white imps (D:4)
  5 ufetubi
  A worm (D:5)
  3 dart slugs
  82 orcs
  7 ball pythons
  21 endoplasms
  A giant cockroach (D:2)
  9 goblins
  6 hobgoblins
  36 kobolds
  3 quokkas
  6 bats
  4 frilled lizards
  10 rats
420 creatures vanquished.

Vanquished Creatures (collateral kills)
  Rupert (Lair:3)
  A boulder beetle (Lair:5)
  2 thrashing horrors (Lair:5)
  8 death yaks
  A skyshark (Lair:5)
  An ugly thing (Lair:5)
  7 elephants (Lair:5)
  2 black mambas
  3 cane toads
  2 smoke demons (Lair:5)
  A komodo dragon (Lair:3)
  2 rime drakes (Lair:4)
  An ancient zyme (Lair:5)
  6 blink frogs (Lair:5)
  7 dream sheep (Lair:5)
  A ynoxinul (Lair:5)
  A spriggan (Lair:5)
  29 yaks
  A golden eye (shapeshifter) (Lair:5)
  4 basilisks (Lair:5)
  A large abomination (Lair:5)
  5 water moccasins
  13 wolves
  4 bullfrogs
  10 small abominations (Lair:5)
  An orc (Orc:1)
  2 plants
117 creatures vanquished.

Vanquished Creatures (others)
  A komodo dragon (Lair:5)
  A yak (Lair:5)
  A water moccasin (Lair:5)
  32 fungi
  51 plants
86 creatures vanquished.

Grand Total: 623 creatures vanquished

Table legend:
 A = Non-vault XP
 B = Vault XP
 C = Vault XP percentage of total XP
 D = Non-vault monster count
 E = Vault monster count
 F = Vault count percentage of total count
                 A         B        C        D         E       F
            +---------+---------+-------+---------+---------+-------
      Total |   59427 |   21994 |  27.0 |     401 |     136 |  25.3
            +---------+---------+-------+---------+---------+-------
        D:1 |      30 |       0 |   0.0 |      19 |       0 |   0.0
        D:2 |      35 |      16 |  31.4 |      13 |      10 |  43.5
        D:3 |     427 |       0 |   0.0 |      44 |       0 |   0.0
        D:4 |      90 |     351 |  79.6 |      20 |      16 |  44.4
        D:5 |     514 |       5 |   1.0 |      15 |       1 |   6.2
        D:6 |     690 |    1224 |  63.9 |      14 |       3 |  17.6
        D:7 |    1156 |     154 |  11.8 |      24 |       1 |   4.0
        D:8 |    1355 |     408 |  23.1 |      33 |      20 |  37.7
        D:9 |    2017 |    1255 |  38.4 |      31 |       2 |   6.1
       D:10 |    2976 |       0 |   0.0 |       9 |       0 |   0.0
       D:11 |    2114 |    2463 |  53.8 |      16 |       2 |  11.1
       D:12 |    5906 |     489 |   7.6 |      23 |      32 |  58.2
     Lair:1 |    1889 |     822 |  30.3 |       8 |       2 |  20.0
     Lair:2 |    5453 |     734 |  11.9 |      13 |       5 |  27.8
     Lair:3 |    8375 |    1879 |  18.3 |      28 |       1 |   3.4
     Lair:4 |    4437 |    1139 |  20.4 |      16 |       3 |  15.8
     Lair:5 |   21785 |   11055 |  33.7 |      71 |      38 |  34.9
      Orc:1 |     178 |       0 |   0.0 |       4 |       0 |   0.0
            +---------+---------+-------+---------+---------+-------

Illustrated notes

Table legend:
 A = Kills in this place as a percentage of kills in the entire game.
 B = Kills by you in this place as a percentage of kills by you in the entire game.
 C = Kills by friends in this place as a percentage of kills by friends in the entire game.
 D = Other kills in this place as a percentage of other kills in the entire game.
 E = Experience gained in this place as a percentage of experience gained in the entire game.
 F = Experience gained in this place divided by the number of levels of this place that you have seen.
                   A       B       C       D       E      F
               +-------+-------+-------+-------+-------+----------------------
         Total | 100.0 | 100.0 | 100.0 | 100.0 | 100.0 | 4071.1
       Dungeon |  64.8 |  83.1 |   0.0 |   0.0 |  29.1 | 1972.9
          Lair |  34.5 |  16.2 |  99.1 | 100.0 |  70.7 | 11513.6
  Orcish Mines |   0.7 |   0.7 |   0.9 |   0.0 |   0.2 |  89.0
               +-------+-------+-------+-------+-------+----------------------

Table legend: (Time is in decaauts)
 A = Elapsed time spent in this place.
 B = Non-inter-level travel time spent in this place.
 C = Inter-level travel time spent in this place.
 D = Time resting spent in this place.
 E = Time spent auto-exploring this place.
 F = Levels seen in this place.
 G = Mean time per level.
                   A        B        C        D        E       F      G
               +--------+--------+--------+--------+--------+-----+--------+
         Total |  24314 |  23318 |    996 |   2863 |  17600 |  20 | 1215.7 |
       Dungeon |  16112 |  15620 |    492 |    989 |  12821 |  12 | 1342.7 |
        Temple |    159 |    142 |     17 |      0 |    129 |   1 |  159.0 |
          Lair |   7933 |   7463 |    470 |   1847 |   4607 |   5 | 1586.6 |
  Orcish Mines |    109 |     93 |     16 |     27 |     41 |   2 |   54.5 |
               +--------+--------+--------+--------+--------+-----+--------+

Top non-repeatable levels by time:
  Lair:2: 2250 daAuts
  Lair:5: 1921 daAuts
    D:12: 1792 daAuts
     D:9: 1711 daAuts
     D:3: 1585 daAuts
     D:8: 1515 daAuts
     D:6: 1425 daAuts
    D:11: 1413 daAuts
     D:4: 1390 daAuts
     D:2: 1263 daAuts
  Lair:1: 1259 daAuts
  Lair:4: 1254 daAuts
  Lair:3: 1247 daAuts
     D:5: 1064 daAuts
     D:1: 991 daAuts
